 Dungeon Crawl Stone Soup version 0.21.1-1-g345015f (webtiles) character file.

1144 tidbits the Insei (level 8, -8/60 HPs)
             Began as a Gnoll Transmuter on Mar 10, 2018.
             Was an Initiate of Cheibriados (penitent).
             Mangled by a vampire (10 damage)
             ... on level 8 of the Dungeon.
             The game lasted 00:14:38 (1462 turns).

tidbits the Insei (Gnoll Transmuter)                Turns: 1462, Time: 00:14:39

Health: -8/60      AC:  2    Str: 15    XL:     8   Next: 37%
Magic:  10/17      EV: 16    Int: 22    God:    Cheibriados [*]
Gold:   186        SH:  0    Dex: 20    Spells: 8/19 levels left

rFire    . . .     SeeInvis .     - Unarmed
rCold    . . .     Gourm    .   (shield currently unavailable)
rNeg     . . .     Faith    +   B - +0 robe
rPois    .         Spirit   .   (no helmet)
rElec    .         Reflect  .   (no cloak)
rCorr    .         Harm     .   (gloves currently unavailable)
MR       +....                  F - +0 pair of boots
Stlth    +++.......             v - amulet of faith
HPRegen  0.60/turn              l - +2 ring of strength
MPRegen  0.15/turn              k - +4 ring of dexterity

@: brilliant, blade hands, berserk cooldown, slowed, very slow
A: distributed training, fangs 1, deformed body, magic resistance 1,
regeneration 1, strong nose
a: End Transformation, Renounce Religion


You were on level 8 of the Dungeon.
You worshipped Cheibriados.
Cheibriados was demanding penance.
You were not hungry.
You had blades for hands.
You visited 2 branches of the dungeon, and saw 8 of its levels.
You also visited: Sewer.

You collected 186 gold pieces.

Inventory:

Hand Weapons
 e - a +0 dagger
 f - a +0 scythe
Missiles
 a - 31 arrows
 g - 27 stones (quivered)
 r - 2 needles of frenzy
 u - 62 sling bullets
Armour
 x - a cursed +0 ring mail
 A - a +0 shield
 B - a +0 robe (worn)
 E - a -2 helmet
 F - a +0 pair of boots (worn)
Jewellery
 b - an uncursed ring of protection from cold
   (You found it on level 4 of the Dungeon)
 k - a +4 ring of dexterity (right scythe-like blade)
   (You found it on level 5 of the Dungeon)
 l - a +2 ring of strength (left scythe-like blade)
   (You found it on level 5 of the Dungeon)
 v - an amulet of faith (around neck)
   (You found it on level 3 of the Dungeon)
Scrolls
 i - a scroll of magic mapping
 m - 2 scrolls of teleportation
 n - a scroll of remove curse
 w - a scroll of fog {unknown}
 y - a scroll of fear
Potions
 h - a potion of curing
 j - 5 potions of magic
 q - a potion of cancellation
 z - a potion of resistance
 C - a potion of might
Books
 d - a book of Changes

   Spells                             Type                      Level
   a - Beastly Appendage              Transmutation                1
   b - Sticks to Snakes               Transmutation                2
   c - Spider Form                    Transmutation/Poison         3
   d - Ice Form                       Ice/Transmutation            4
   e - Blade Hands                    Transmutation                5
 p - a book of Maledictions
   (You found it on level 2 of the Dungeon)

   Spells                             Type                      Level
   a - Corona                         Hexes                        1
   b - Ensorcelled Hibernation        Hexes/Ice                    2
   c - Confuse                        Hexes                        3
   d - Tukima's Dance                 Hexes                        3
   e - Dazzling Spray                 Conjuration/Hexes            3
Comestibles
 c - 6 rations


   Skills:
 + Level 4.1 Fighting
 + Level 3.1 Short Blades
 + Level 3.1 Long Blades
 + Level 3.1 Axes
 + Level 3.1 Maces & Flails
 + Level 3.1 Polearms
 + Level 3.1 Staves
 + Level 3.1 Slings
 + Level 3.1 Bows
 + Level 3.1 Crossbows
 + Level 3.1 Throwing
 + Level 3.1 Armour
 + Level 5.6 Dodging
 + Level 3.1 Stealth
 + Level 3.1 Shields
 + Level 7.3 Unarmed Combat
 + Level 6.0 Spellcasting
 + Level 2.5 Conjurations
 + Level 2.5 Hexes
 + Level 2.5 Charms
 + Level 2.5 Summonings
 + Level 2.5 Necromancy
 + Level 2.5 Translocations
 + Level 4.6 Transmutations
 + Level 2.5 Fire Magic
 + Level 2.5 Ice Magic
 + Level 2.5 Air Magic
 + Level 2.5 Earth Magic
 + Level 2.5 Poison Magic
 + Level 3.5 Invocations
 + Level 3.1 Evocations


You had 8 spell levels left.
You knew the following spells:

 Your Spells              Type           Power        Failure   Level  Hunger
e - Beastly Appendage     Tmut           #####.       2%          1    None
h - Blade Hands           Tmut           #####.....   14%         5    #####..
k - Sticks to Snakes      Tmut           #####...     2%          2    None
p - Spider Form           Tmut/Pois      #####.....   4%          3    #......


Dungeon Overview and Level Annotations

Branches:
Dungeon (6/15)             Temple (1/1) D:4

Altars:
Cheibriados
Qazlal
Ru
Trog
Vehumet
Wu Jian
Yredelemnul
The Shining One


Innate Abilities, Weirdness & Mutations

Your experience applies equally to all skills.
You have very sharp teeth.
Your uncanny sense of smell can sniff out nearby items.
Armour fits poorly on your strangely shaped body.
You are resistant to hostile enchantments. (MR+)
Your natural rate of healing is unusually fast.


Message History

Adjust to which letter? (? for menu, Esc to quit)
E - a cursed -2 helmet (worn)
As you read the scroll labeled LEUVUS JAOMELA, it crumbles to dust.
You feel as if something is helping you.
It was a scroll of remove curse.
Take off which item? (? for menu, Esc to quit)
You start removing your armour.
You continue taking off your -2 helmet. x4
You finish taking off your -2 helmet.
A scorpion comes into view.
Casting: Spider Form
Confirm with . or Enter, or press ? or * to list all spells.
You turn into a venomous arachnid creature.
Your +0 pair of boots melds into your body.
Your +0 robe melds into your body.
The scorpion stings you! x2
You hit the scorpion but do no damage. You bite the scorpion!
The scorpion looks as sick as possible!
The scorpion is severely wounded.
You kill the scorpion!
Cheibriados appreciates the change of pace.
You see here a scorpion corpse.
Your transformation is almost over.
You see here a scorpion corpse.
Your transformation has ended.
Your +0 pair of boots unmelds from your body.
Your +0 robe unmelds from your body.
You fall through a shaft for 3 floors!
The shaft crumbles and collapses.
A crimson imp, a vampire and a zombie come into view.
Found a stone staircase leading up.
Okay, then.
You feel clever all of a sudden.
Unknown command.
Casting: Spider Form
Confirm with . or Enter, or press ? or * to list all spells.
Your hands turn into razor-sharp scythe blades.
You slash the leopard gecko zombie!
You destroy the leopard gecko zombie!
Cheibriados appreciates the change of pace.
You hit the crimson imp.
The crimson imp is lightly wounded.
The crimson imp barely misses you.
You slice the crimson imp!!
You kill the crimson imp!
Cheibriados thoroughly appreciates the change of pace.
Your Spellcasting skill increases to level 6!
The vampire casts a spell.
The vampire flickers and vanishes!
A red film seems to cover your vision as you go berserk!
Cheibriados thinks you should slow down.
You feel extremely guilty. "You will pay for your transgression, mortal!"
Cheibriados forces you to slow down.
You feel mighty!
You swing at nothing.
You feel a strong urge to attack something.
You slash something! You bite something!
You hear some strange, mumbled words.
You are confused.
You closely miss something.
Unholy energy fills the air.
Unknown command.
You slash something! Your bite misses something.
Unholy energy fills the air.
Unknown command.
You are too berserk!
You barely miss something. Something barely misses you. Something bites you.
Something draws strength from your injuries!
You feel less confused.
You are no longer berserk.
You are exhausted.
You feel yourself slow down. Something hits you! Something barely misses you.
Found 11 gold pieces.
Unknown command.
Okay, then.
You swing at nothing.
Something hits you.
* * * LOW HITPOINT WARNING * * *
Something bites you!
* * * LOW HITPOINT WARNING * * *
Something draws strength from your injuries!
Unknown command.
You barely miss something. Something hits you.
* * * LOW HITPOINT WARNING * * *
Something closely misses you.
You feel much better. Something hits you.
* * * LOW HITPOINT WARNING * * *
Something bites you!
* * * LOW HITPOINT WARNING * * *
Something draws strength from your injuries!
Something completely misses you. Something bites you!
* * * LOW HITPOINT WARNING * * *
Something draws strength from your injuries!
Unknown command.
You feel better. Something hits you!
* * * LOW HITPOINT WARNING * * *
Something bites you!
You die...

. .#### ....
#..### #....
#..# ##..##
########.@..#
#........##..#
#.......##
...# .........
....
#.......#. .$.
#......<##. .#
########. .. .
. ## #


There were no monsters in sight!

Vanquished Creatures
  The ghost of Terandir the Magician, an amateur DEEE of Okawaru (D:5)
  Sigmund (D:2)
  An ice beast (D:5)
  A sky beast (D:5)
  A phantom (D:5)
  An ogre (D:4)
  A scorpion (D:5)
  A howler monkey (D:4)
  A crimson imp (D:8)
  A bullfrog zombie (D:5)
  3 orc priests
  A bullfrog skeleton (D:4)
  An orc wizard (D:4)
  2 iguanas (D:4)
  A worker ant (D:5)
  5 adders
  2 leopard geckos (D:4)
  7 orcs
  2 giant cockroaches
  3 hobgoblins
  7 jackals (Sewer)
  A quokka (D:5)
  2 ball pythons (Sewer)
  8 frilled lizards
  A goblin (D:2)
  A jackal skeleton (D:4)
  7 kobolds
  A leopard gecko zombie (D:8)
  4 plants (Sewer)
69 creatures vanquished.

Vanquished Creatures (collateral kills)
  A centaur skeleton (D:4)
  An adder (D:4)
  3 orcs
  2 giant cockroaches (D:4)
7 creatures vanquished.

Grand Total: 76 creatures vanquished

Notes
Turn   | Place    | Note
-------+----------+-------------------------------------------
     0 | D:1      | tidbits the Gnoll Transmuter began the quest for the Orb.
     0 | D:1      | Reached XP level 1. HP: 17/17 MP: 6/6
    66 | D:2      | Noticed Sigmund
    85 | D:2      | Killed Sigmund
    85 | D:2      | Reached skill level 1 in Short Blades
    85 | D:2      | Reached skill level 1 in Long Blades
    85 | D:2      | Reached skill level 1 in Axes
    85 | D:2      | Reached skill level 1 in Maces & Flails
    85 | D:2      | Reached skill level 1 in Polearms
    85 | D:2      | Reached skill level 1 in Staves
    85 | D:2      | Reached skill level 1 in Slings
    85 | D:2      | Reached skill level 1 in Bows
    85 | D:2      | Reached skill level 1 in Crossbows
    85 | D:2      | Reached skill level 1 in Throwing
    85 | D:2      | Reached skill level 1 in Armour
    85 | D:2      | Reached skill level 1 in Stealth
    85 | D:2      | Reached skill level 1 in Shields
    85 | D:2      | Reached skill level 5 in Spellcasting
    85 | D:2      | Reached skill level 1 in Conjurations
    85 | D:2      | Reached skill level 1 in Hexes
    85 | D:2      | Reached skill level 1 in Charms
    85 | D:2      | Reached skill level 1 in Summonings
    85 | D:2      | Reached skill level 1 in Necromancy
    85 | D:2      | Reached skill level 1 in Translocations
    85 | D:2      | Reached skill level 1 in Fire Magic
    85 | D:2      | Reached skill level 1 in Ice Magic
    85 | D:2      | Reached skill level 1 in Air Magic
    85 | D:2      | Reached skill level 1 in Earth Magic
    85 | D:2      | Reached skill level 1 in Poison Magic
    85 | D:2      | Reached skill level 1 in Invocations
    85 | D:2      | Reached skill level 1 in Evocations
    85 | D:2      | Reached XP level 2. HP: 19/23 MP: 8/8
    85 | D:2      | Reached XP level 3. HP: 23/28 MP: 9/9
    85 | D:2      | Reached XP level 4. HP: 28/34 MP: 11/11
    85 | D:2      | Reached XP level 5. HP: 33/40 MP: 12/12
   104 | D:2      | Reached skill level 3 in Fighting
   119 | D:2      | Learned a level 2 spell: Sticks to Snakes
   123 | D:2      | Learned a level 3 spell: Spider Form
   129 | D:2      | Learned a level 5 spell: Blade Hands
   338 | D:3      | Reached skill level 4 in Transmutations
   571 | D:4      | Found a glowing drain.
   591 | Sewer    | Entered a sewer
   614 | Sewer    | Reached XP level 6. HP: 47/47 MP: 9/13
   735 | Sewer    | Reached skill level 2 in Invocations
   874 | D:5      | Entered Level 5 of the Dungeon
   876 | D:5      | Noticed an ice beast
   886 | D:5      | Killed an ice beast
   886 | D:5      | Reached skill level 2 in Short Blades
   886 | D:5      | Reached skill level 2 in Long Blades
   886 | D:5      | Reached skill level 2 in Axes
   886 | D:5      | Reached skill level 2 in Maces & Flails
   886 | D:5      | Reached skill level 2 in Polearms
   886 | D:5      | Reached skill level 2 in Staves
   886 | D:5      | Reached skill level 2 in Slings
   886 | D:5      | Reached skill level 2 in Bows
   886 | D:5      | Reached skill level 2 in Crossbows
   886 | D:5      | Reached skill level 2 in Throwing
   886 | D:5      | Reached skill level 2 in Armour
   886 | D:5      | Reached skill level 5 in Dodging
   886 | D:5      | Reached skill level 2 in Stealth
   886 | D:5      | Reached skill level 2 in Shields
   886 | D:5      | Reached skill level 2 in Evocations
   914 | D:4      | Reached XP level 7. HP: 11/52 MP: 10/15
   962 | D:4      | HP: 1/52 [centaur skeleton (8)]
   963 | D:4      | Reached skill level 7 in Unarmed Combat
  1058 | D:4      | Reached skill level 2 in Conjurations
  1058 | D:4      | Reached skill level 2 in Hexes
  1058 | D:4      | Reached skill level 2 in Charms
  1058 | D:4      | Reached skill level 2 in Summonings
  1058 | D:4      | Reached skill level 2 in Necromancy
  1058 | D:4      | Reached skill level 2 in Translocations
  1058 | D:4      | Reached skill level 2 in Fire Magic
  1058 | D:4      | Reached skill level 2 in Ice Magic
  1058 | D:4      | Reached skill level 2 in Air Magic
  1058 | D:4      | Reached skill level 2 in Earth Magic
  1058 | D:4      | Reached skill level 2 in Poison Magic
  1125 | D:4      | Found a staircase to the Ecumenical Temple.
  1134 | Temple   | Entered the Ecumenical Temple
  1172 | Temple   | Became a worshipper of Cheibriados the Contemplative
  1266 | D:5      | Noticed Terandir's ghost (amateur DEEE)
  1274 | D:4      | Gained mutation: Armour fits poorly on your strangely shaped body. [potion of mutation]
  1274 | D:4      | Gained mutation: You are resistant to hostile enchantments. (MR+) [potion of mutation]
  1274 | D:4      | Gained mutation: Your natural rate of healing is unusually fast. [potion of mutation]
  1292 | D:5      | Killed Terandir's ghost
  1292 | D:5      | Reached skill level 3 in Invocations
  1292 | D:5      | Reached XP level 8. HP: 60/60 MP: 8/16
  1362 | D:5      | Reached skill level 4 in Fighting
  1362 | D:5      | Reached skill level 3 in Short Blades
  1362 | D:5      | Reached skill level 3 in Long Blades
  1362 | D:5      | Reached skill level 3 in Axes
  1362 | D:5      | Reached skill level 3 in Maces & Flails
  1362 | D:5      | Reached skill level 3 in Polearms
  1362 | D:5      | Reached skill level 3 in Staves
  1362 | D:5      | Reached skill level 3 in Slings
  1362 | D:5      | Reached skill level 3 in Bows
  1362 | D:5      | Reached skill level 3 in Crossbows
  1362 | D:5      | Reached skill level 3 in Throwing
  1362 | D:5      | Reached skill level 3 in Armour
  1362 | D:5      | Reached skill level 3 in Stealth
  1362 | D:5      | Reached skill level 3 in Shields
  1362 | D:5      | Reached skill level 3 in Evocations
  1445 | D:5      | You fall through a shaft for 3 floors!
  1445 | D:8      | Noticed a vampire
  1450 | D:8      | Reached skill level 6 in Spellcasting
  1451 | D:8      | Was placed under penance by Cheibriados
  1461 | D:8      | HP: 4/60 [something (9)]
  1462 | D:8      | Mangled by a vampire

Skill      XL: |  1  2  3  4  5  6  7  8 |
---------------+-------------------------+-----
Short Blades   | 1 2 3 |  3.1
Long Blades    | 1 2 3 |  3.1
Axes           | 1 2 3 |  3.1
Maces & Flails | 1 2 3 |  3.1
Polearms       | 1 2 3 |  3.1
Staves         | 1 2 3 |  3.1
Slings         | 1 2 3 |  3.1
Bows           | 1 2 3 |  3.1
Crossbows      | 1 2 3 |  3.1
Throwing       | 1 2 3 |  3.1
Armour         | 1 2 3 |  3.1
Stealth        | 1 2 3 |  3.1
Shields        | 1 2 3 |  3.1
Spellcasting   | 5 6 |  6.0
Conjurations   | 1 2 |  2.5
Hexes          | 1 2 |  2.5
Charms         | 1 2 |  2.5
Summonings     | 1 2 |  2.5
Necromancy     | 1 2 |  2.5
Translocations | 1 2 |  2.5
Fire Magic     | 1 2 |  2.5
Ice Magic      | 1 2 |  2.5
Air Magic      | 1 2 |  2.5
Earth Magic    | 1 2 |  2.5
Poison Magic   | 1 2 |  2.5
Invocations    | 1 2 3 |  3.5
Evocations     | 1 2 3 |  3.1
Fighting       | 3 4 |  4.1
Transmutations | 4 |  4.6
Dodging        | 5 |  5.6
Unarmed Combat | 7 |  7.3

Action                   |  1- 3 |  4- 6 |  7- 9 || total
-------------------------+-------+-------+-------++-------
Melee: Unarmed           |    10 |   151 |    89 ||   250
       Bite              |     1 |     4 |     1 ||     6
       Kick              |     1 |       |       ||     1
       Headbutt          |     1 |       |       ||     1
       Punch             |       |     1 |       ||     1
 Cast: Beastly Appendage |     2 |     2 |       ||     4
       Spider Form       |       |    16 |    13 ||    29
       Sticks to Snakes  |       |     2 |    11 ||    13
       Blade Hands       |       |       |     1 ||     1
 Abil: End Transformatio |       |       |     1 ||     1
  Use: Potion            |     2 |       |     9 ||    11
       Scroll            |       |     4 |     6 ||    10
 Stab: Sleeping          |       |     1 |       ||     1
       Distracted        |       |       |     1 ||     1
  Eat: Chunk             |       |     1 |       ||     1
       Ration            |       |       |     1 ||     1
Armor: Robe              |     2 |     4 |       ||     6
       Skin              |       |     2 |     4 ||     6
Dodge: Dodged            |     6 |    83 |    59 ||   148

Table legend:
 A = Turns spent in this place as a percentage of turns spent in the entire game.
 B = Non-inter-level travel turns spent in this place as a percentage of non-inter-level travel turns spent in the entire game.
 C = Inter-level travel turns spent in this place as a percentage of turns spent in this place.
 D = Turns resting spent in this place as a percentage of non-inter-level travel turns spent in this place.
 E = Turns spent auto-exploring this place as a percentage of non-inter-level travel turns spent in this place.
 F = Non-inter-level travel turns spent in this place divided by the number of levels of this place that you've seen.
                   A       B       C       D       E      F
               +-------+-------+-------+-------+-------+----------------------
         Total | 100.0 | 100.0 |   2.5 |   0.0 |   0.0 | 158.4
       Dungeon |  78.0 |  79.9 |   0.0 |   0.0 |   0.0 | 162.9
        Temple |   5.2 |   2.8 |  47.4 |   0.0 |   0.0 |  40.0
         Sewer |  16.8 |  17.3 |   0.0 |   0.0 |   0.0 | 246.0
               +-------+-------+-------+-------+-------+----------------------

Table legend:
 A = Kills in this place as a percentage of kills in entire the game.
 B = Kills by you in this place as a percentage of kills by you in the entire game.
 C = Kills by friends in this place as a percentage of kills by friends in the entire game.
 D = Other kills in this place as a percentage of other kills in the entire game.
 E = Experience gained in this place as a percentage of experience gained in the entire game.
 F = Experience gained in this place divided by the number of levels of this place that you have seen.
                   A       B       C       D       E      F
               +-------+-------+-------+-------+-------+----------------------
         Total | 100.0 | 100.0 | 100.0 |   N/A | 100.0 | 181.7
       Dungeon |  77.8 |  75.4 | 100.0 |   N/A |  97.7 | 228.3
         Sewer |  22.2 |  24.6 |   0.0 |   N/A |   2.3 |  37.0
               +-------+-------+-------+-------+-------+----------------------

Vault maps used:
D:1:      roderic_crop_circles_arrival_large, serial_park_tiny_1
D:2:      old_standard_altar, ashenzari_altar_1, minmay_misc_feat_nine_boxes,
          grunt_gozag_breadcrumbs, uniq_sigmund
D:3:      lemuel_coloured_pillars_altar, uniq_terence, uniq_crazy_yiuf_cottage,
          uniq_jessica
D:4:      minmay_temple_entry_mist, first_ration, gup_sewer_entry_glass,
          nemelex_dance_club_becter
D:5:      kennysheep_small_spiral
D:6:      tgw_sif, basic_altar
D:8:      dancing_weapons_uskayaw, uniq_pikel
Temple:   regret_index_temple_waves
Sewer:    sewer_co_scattered_pipes
